 Dungeon Crawl Stone Soup version 0.30-a0-912-ge10d75a369 (webtiles) character file.

Game seed: 2669335498990935921

25 Grim the Chopper (level 2, -4/39 HPs)
             Began as a Minotaur Berserker on Mar 19, 2023.
             Was a Follower of Trog.
             Slain by a hobgoblin (5 damage)
             ... on level 2 of the Dungeon.
             The game lasted 00:01:09 (751 turns).

Grim the Chopper (Minotaur Berserker)                Turns: 751, Time: 00:01:09

Health: -4/39      AC:  2    Str: 21    XL:     2   Next: 82%
Magic:  1/1        EV: 12    Int:  4    God:    Trog [*.....]
Gold:   83         SH:  0    Dex:  9    Spells: 1/1 levels left

rFire   . . .      SeeInvis .    a - +0 hand axe
rCold   . . .      Faith    .    (no shield)
rNeg    . . .      Spirit   .    b - +0 animal skin
rPois   .          Reflect  .    (helmet restricted)
rElec   .          Rampage  .    (no cloak)
rCorr   .                        (no gloves)
Will    .....                    (no boots) Stlth
                                 (no amulet)
HPRegen 0.26/turn                (no ring)
MPRegen 0.07/turn                (no ring)

@: berserking, lethally poisoned (-4 -> -9), very quick
A: horns 2, retaliatory headbutt
a: Renounce Religion, Berserk


You were on level 2 of the Dungeon.
You worshipped Trog.
Trog was aware of your devotion.
You visited 1 branch of the dungeon, and saw 2 of its levels.

You collected 83 gold pieces.

Inventory:

Hand Weapons
 a - a +0 hand axe (weapon)
Armour
 b - a +0 animal skin (worn)
Scrolls
 d - a scroll of fear {unknown}
 f - a scroll of teleportation {unknown}
 g - a scroll of blinking {unknown}
Potions
 c - a potion of magic {unknown}
 e - a potion of heal wounds {unknown}
 h - a potion of mutation {unknown}


   Skills:
 - Level 3.6 Fighting
 + Level 5.0 Axes
 - Level 2.4 Armour
 - Level 2.1 Dodging


You had one spell level left.
You didn't know any spells.
Your spell library was empty.

Dungeon Overview and Level Annotations

Branches:
Dungeon (2/15)

Altars:
Elyvilon


Innate Abilities, Weirdness & Mutations

You have a pair of horns on your head.
You reflexively headbutt those who attack you in melee.


Message History

* * * LOW HITPOINT WARNING * * *
The adder completely misses you.
You closely miss the adder.
The adder is almost dead.
You hit the goblin.
You kill the goblin!
Trog accepts your kill. The adder bites you.
* * * LOW HITPOINT WARNING * * *
You are poisoned.
The adder poisons you!
Your Axes skill increases to level 5!
You closely miss the adder. Your headbutt misses the adder.
The adder is almost dead.
You feel sick. The adder bites you.
* * * LOW HITPOINT WARNING * * *
Unknown command.
You hit the adder but do no damage.
The adder is almost dead.
You barely miss the hobgoblin.
You feel sick. The adder closely misses you. The hobgoblin barely misses you.
The adder misses you. The adder bites you but does no damage.
Unknown command.
Okay, then.
A red film seems to cover your vision as you go berserk!
You feel yourself moving faster!
You feel mighty!
You feel sick. The hobgoblin hits you.
* * * LOW HITPOINT WARNING * * *
The adder bites you.
* * * LOW HITPOINT WARNING * * *
You are lethally poisoned!
The adder poisons you! The adder bites you.
* * * LOW HITPOINT WARNING * * *
You slash the adder!
You kill the adder!
Trog accepts your kill.
You hit the hobgoblin. You barely miss the adder.
* * * LOW HITPOINT WARNING * * *
You feel sick. The hobgoblin hits you.
You die...

...........#
...........##
............#
...........# #####
#.........# ##...#
#.........# #..#..
.##...†S....# #.....
......g@....# #.....
###########.#.#####.._..
#.#...........
#.#######.....
#...........).
##############


You could see an adder and a hobgoblin.

Vanquished Creatures
  An adder (D:2)
  3 bats (D:1)
  3 endoplasms (D:1)
  A giant cockroach (D:2)
  5 goblins
  A kobold (D:2)
  3 quokkas (D:1)
  A ball python (D:1)
  2 frilled lizards (D:1)
  2 rats (D:1)
22 creatures vanquished.

Notes
Turn   | Place    | Note
-------+----------+-------------------------------------------
     0 | D:1      | Grim the Minotaur Berserker began the quest for the Orb.
     0 | D:1      | Reached XP level 1. HP: 19/19 MP: 0/0
    54 | D:1      | Reached skill level 4 in Axes
   146 | D:1      | Reached XP level 2. HP: 26/26 MP: 1/1
   700 | D:2      | Found a white marble altar of Elyvilon.
   748 | D:2      | Reached skill level 5 in Axes
   751 | D:2      | HP: 1/39 [poisoned by an adder]
   751 | D:2      | Slain by a hobgoblin

Illustrated notes

Levels and vault maps discovered:
D:1:      dpeg_arrival_pits, layout_loops_ring, minmay_tree_intersection
D:2:      layout_basic, basic_altar, uniq_robin

Skill      XL: |  1  2 |
---------------+-------+-----
Axes           | 4 5 |  5.0
Fighting       | |  3.6
Armour         | |  2.4
Dodging        | |  2.1

Action                     || total
---------------------------++-------
  Melee: Hand axe          ||    47
         Headbutt          ||     3
         Punch             ||     1
 Invoke: Berserk           ||     1
 Armour: Animal skin       ||    11
  Dodge: Dodged            ||    35

Table legend: (Time is in decaauts)
 A = Elapsed time spent in this place.
 B = Non-inter-level travel time spent in this place.
 C = Inter-level travel time spent in this place.
 D = Time resting spent in this place.
 E = Time spent auto-exploring this place.
 F = Levels seen in this place.
 G = Mean time per level.
                   A        B        C        D        E       F      G
               +--------+--------+--------+--------+--------+-----+--------+
         Total |    753 |    741 |     12 |      0 |    618 |   2 |  376.5 |
       Dungeon |    753 |    741 |     12 |      0 |    618 |   2 |  376.5 |
               +--------+--------+--------+--------+--------+-----+--------+

Top non-repeatable levels by time:
     D:1: 702 daAuts
     D:2: 51 daAuts
